 Dungeon Crawl Stone Soup version 0.23.2-40-g277498a001 (webtiles) character file.

Game seed: 15861303540749616314

99 Kikorro the Skirmisher (level 4, -5/40 HPs)
             Began as a Draconian Fighter on Sept 11, 2019.
             Killed by divine providence
             ... invoked by an orc priest
              (11 damage)
             ... on level 3 of the Dungeon.
             The game lasted 00:04:13 (2262 turns).

Kikorro the Skirmisher (Draconian Fighter)          Turns: 2262, Time: 00:04:14

Health: -5/40      AC:  5    Str: 19    XL:     4   Next: 45%
Magic:  4/4        EV: 11    Int:  8    God:
Gold:   72         SH:  9    Dex: 11    Spells: 3/3 levels left

rFire    . . .     SeeInvis .   a - +0 long sword
rCold    . . .     Gourm    .   b - +0 shield
rNeg     . . .     Faith    .   (armour unavailable)
rPois    .         Spirit   .   (helmet restricted)
rElec    .         Reflect  .   (no cloak)
rCorr    .         Harm     .   (no gloves)
MR       .....                  (no boots)
Stlth    +.........             (no amulet)
HPRegen  0.13/turn              (no ring)
MPRegen  0.09/turn              (no ring)

@: no status effects
A: unfitting armour, cold-blooded, AC +5
a: no special abilities


You were on level 3 of the Dungeon.
You were not hungry.

You visited 1 branch of the dungeon, and saw 3 of its levels.

You collected 72 gold pieces.

Inventory:

Hand Weapons
 a - a +0 long sword (weapon)
Armour
 b - a +0 shield (worn)
Scrolls
 f - a scroll of immolation {unknown}
 g - 2 scrolls of amnesia {unknown}
 j - a scroll of remove curse
 k - 2 scrolls of identify {unknown}
 l - a scroll of random uselessness {unknown}
Potions
 c - a potion of might
 e - a potion of flight {unknown}
 h - a potion of resistance {unknown}
 i - 2 potions of brilliance {unknown}
 n - a potion of heal wounds {unknown}
Comestibles
 d - 5 rations
 m - 2 chunks of flesh


   Skills:
 + Level 3.9 Fighting
 + Level 3.1 Long Blades
 + Level 3.2 Dodging
 + Level 0.5 Stealth
 + Level 3.7 Shields


You had 3 spell levels left.
You didn't know any spells.
Your spell library was empty.

Dungeon Overview and Level Annotations

Branches:
Dungeon (3/15)

Altars:


Innate Abilities, Weirdness & Mutations

Your plain brown scales are hard. (AC +5)
You cannot fit into any form of body armour.
You are cold-blooded and may be slowed by cold attacks.


Message History

You kill the orc!
You block the quokka's attack.
The orc priest invokes the aid of Beogh against you.
Beogh smites you!
You miss the quokka. You block the quokka's attack.
You barely miss the quokka.
A jackal comes into view.
The quokka bites you. You block the quokka's attack.
A jackal comes into view.
The jackal barks!
You hear a shout!
The jackal completely misses you.
The orc priest invokes the aid of Beogh against you.
Beogh smites you!
* * * LOW HITPOINT WARNING * * *
You block the jackal's attack. x2; The quokka barely misses you.
The jackal closely misses you.
You riposte.
You hit the jackal but do no damage.
Your tail-slap misses the jackal.
The orc priest invokes the aid of Beogh against you.
Beogh smites you!
You die...

######## ####......# #
..........##
..####....<..## ..
...#########..# ...
#......#####.#######...
#..hh@..............
##..r#####..####.....
#..o.# ###÷###......
#.##.####............ #
#g##...#.......... #
#o...####......?..
##.###.g..####.........
..........##÷..........
..........#..##........


You could see an orc priest, a quokka and 2 jackals.

Vanquished Creatures
  Terence (D:2)
  A gnoll (D:1)
  2 adders (D:2)
  An ooze (D:3)
  A worm (D:2)
  2 dart slugs (D:1)
  An orc (D:3)
  2 ball pythons (D:2)
  A giant cockroach (D:1)
  7 goblins
  3 hobgoblins
  7 bats
  A frilled lizard (D:1)
  2 kobolds (D:1)
  5 rats
37 creatures vanquished.

Notes
Turn   | Place    | Note
-------+----------+-------------------------------------------
     0 | D:1      | Kikorro the Draconian Fighter began the quest for the Orb.
     0 | D:1      | Reached XP level 1. HP: 19/19 MP: 1/1
    85 | D:1      | Reached XP level 2. HP: 7/26 MP: 2/2
  1069 | D:2      | Noticed Terence
  1078 | D:2      | Killed Terence
  1078 | D:2      | Reached XP level 3. HP: 5/33 MP: 3/3
  1614 | D:2      | Found a faded altar of an unknown god.
  1621 | D:2      | Reached XP level 4. HP: 38/40 MP: 4/4
  2262 | D:3      | Killed from afar by an orc priest

Skill      XL: |  1  2  3  4 |
---------------+-------------+-----
Dodging        | 3 |  3.2
Long Blades    | 3 |  3.1
Fighting       | |  3.9
Stealth        | |  0.5
Shields        | |  3.7

Action                   |  1- 3 |  4- 6 || total
-------------------------+-------+-------++-------
Melee: Long sword        |    72 |    44 ||   116
       Tailslap          |     5 |     6 ||    11
  Use: Scroll            |       |     1 ||     1
 Stab: Sleeping          |     1 |     1 ||     2
  Eat: Ration            |     1 |       ||     1
       Chunk             |       |     1 ||     1
Armor: Skin              |    16 |    11 ||    27
Dodge: Dodged            |    35 |    24 ||    59
Block: Shield            |    37 |    22 ||    59
       Rpst.: Long sword |     7 |     7 ||    14
